 Dungeon Crawl Stone Soup version 0.19.4-9-g45fd643 (webtiles) character file.

8927 tof the Basher (level 11, -18/75 HPs)
             Began as a Demonspawn Fighter on Feb 22, 2017.
             Was a Believer of Hepliaklqana.
             Killed from afar by vatarom's ghost (22 damage)
             ... with a bolt of negative energy
             ... on level 2 of the Lair of Beasts.
             The game lasted 00:29:14 (8335 turns).

tof the Basher (Demonspawn Fighter)                 Turns: 8335, Time: 00:29:14

Health: -18/75     AC: 45    Str: 18    XL:     11   Next: 16%
Magic:  0/11       EV:  4    Int: 11    God:    Hepliaklqana [**....]
Gold:   615        SH:  0    Dex: 13    Spells: 0 memorised, 10 levels left

rFire  + . .     SeeInvis .     R - +2 mace (protect)
rCold  . . .     Gourm    .     T - +27 Lear's hauberk
rNeg   . . .     Faith    +     c - +0 shield
rPois  .         Spirit   +     (helmet currently unavailable)
rElec  .         Reflect  .     w - +0 cloak
rCorr  .         Harm     .     (gloves currently unavailable)
MR     +....                    (boots currently unavailable)
Stlth  ..........               y - amulet of faith
                                E - ring of protection from fire
                                O - ring of protection from magic

@: confused, protection aura, very heavily drained
A: reduced essence, antennae 2, icy blue scales 1, spiny 1, magic shield, magic
regeneration, magic link
a: Recall Ancestor, Ancestor Identity, Renounce Religion


You were on level 2 of the Lair of Beasts.
You worshipped Hepliaklqana.
Hepliaklqana was pleased with you.
You were not hungry.

You visited 3 branches of the dungeon, and saw 11 of its levels.

You collected 615 gold pieces.

Inventory:

Hand Weapons
 R - a +2 mace of protection (weapon)
Armour
 c - a +0 shield (worn)
 w - a +0 cloak (worn)
 T - the +27 Lear's hauberk (worn)
   (You found it on level 6 of the Dungeon)
Jewellery
 h - a +3 amulet of reflection
 t - an uncursed ring of ice
 x - an uncursed ring of flight
 y - an amulet of faith (around neck)
 E - a ring of protection from fire (right hand)
 I - an uncursed amulet of regeneration
 O - a ring of protection from magic (left hand)
Wands
 a - a wand of flame (30/48)
 K - a wand of random effects (29/48)
 V - a wand of disintegration (5/24)
 X - a wand of slowing (14/48)
Scrolls
 e - 2 scrolls of noise {unknown}
 j - 2 scrolls of amnesia {unknown}
 l - 7 scrolls of identify
 m - 5 scrolls of teleportation
 u - a scroll of enchant armour {unknown}
 v - a scroll of remove curse {unknown}
 A - a scroll of recharging {unknown}
 D - a scroll of enchant weapon {unknown}
 F - 2 scrolls of immolation
 L - a scroll of fear {unknown}
 Q - a scroll of brand weapon {unknown}
Potions
 d - a potion of might
 g - 2 potions of degeneration {unknown}
 o - a potion of lignification {unknown}
 p - 4 potions of brilliance {unknown}
 q - 3 potions of berserk rage {unknown}
 r - 2 potions of invisibility {unknown}
 s - 5 potions of curing
 z - a potion of agility {unknown}
 B - 2 potions of heal wounds {unknown}
 C - a potion of mutation {unknown}
 H - 2 potions of cure mutation {unknown}
 J - 2 potions of flight {unknown}
 U - 4 potions of haste {unknown}
Comestibles
 f - 3 bread rations
 i - 2 fruits
 k - 2 meat rations
 W - 3 beef jerkies


   Skills:
 + Level 7.5(2.8) Fighting
 + Level 10.1(5.1) Maces & Flails
 + Level 6.3(1.9) Armour
 + Level 4.2(0.0) Dodging
 + Level 1.9(0.0) Stealth
 + Level 8.3(3.6) Shields
 + Level 0.2(0.0) Evocations


You had 10 spell levels left.
You didn't know any spells.

Dungeon Overview and Level Annotations

Branches:
Dungeon (8/15)             Temple (1/1) D:7            Lair (2/6) D:8
  Swamp: Lair:2-4    Shoals: Lair:2-4     Snake: Lair:2-4    Spider: Lair:2-4

Altars:
Ashenzari
Cheibriados
Dithmenos
Elyvilon
Fedhas
Gozag
Hepliaklqana
Kikubaaqudgha
Makhleb
Nemelex Xobeh
Qazlal
Ru
Sif Muna
Trog
Uskayaw
Vehumet
Xom
Yredelemnul
Zin
The Shining One

Shops:
D:4 :

Annotations:
Lair:2 vatarom's ghost, journeyman DrAE


Innate Abilities, Weirdness & Mutations

You have a pair of antennae on your head.
You are partially covered in icy blue scales. (AC +2)
You are partially covered in sharp spines.
When hurt, damage is shared between your health and your magic reserves.
You regenerate magic rapidly.
When low on magic, you restore magic in place of health.
Your life essence is reduced. (-10% HP)


Message History

The puff of flame hits Æthelred. Æthelred resists. Æthelred is severely damaged.
Evoking this partially-identified wand wasted a few charges.
You are engulfed in noxious fumes.
You choke on the stench!
You are more confused.
* * * LOW HITPOINT WARNING * * *
Vatarom's ghost keens inconsolably.
Vatarom's ghost hits you but does no damage. Æthelred hits vatarom's ghost but does no damage.
Evoke which item? (* to show all) (? for menu, Esc to quit)
Zapping:
K - a wand of random effects {zapped: 3} (will waste charges)
Press: ? - help, Shift-Dir - straight line, f/p - vatarom's ghost
Aim: vatarom's ghost, wielding a weapon of chaos (noxious fumes, moderately damaged, covering ground quickly, repelling missiles)
The bolt of fire hits the plant.
The plant is moderately damaged.
Evoking this partially-identified wand wasted a few charges.
Vatarom's ghost breathes negative energy at you.
The bolt of negative energy hits you!
You feel drained.
You die...

#### ##§.########
##@#..##.#.P####
#.W§<..........#
##..RP.........P###
###...###.P.........##
##...#######.........^.
..##...#####..P..#........
........§.......PP.#.#.....
.....#.#§.....PP..P##......
.....P.....{.P♣♣♣P.##PR....


You could see the friendly Æthelred the hexer and vatarom's ghost.

Vanquished Creatures
  The ghost of Haldmier the Carver, a novice HESk of Ashenzari (D:7)
  A komodo dragon (Lair:1)
  A troll (D:8)
  Grinder (D:5)
  The ghost of vatarom the Zephyrmancer, an amateur DrAE of Vehumet (D:4)
  Prince Ribbit (D:6)
  A hippogriff (Lair:1)
  A basilisk (Lair:1)
  14 yaks
  2 water moccasins (Lair:1)
  A porcupine (Lair:1)
  An orc warrior (D:8)
  Duvessa (D:6)
  A phantom (D:6)
  An ice beast (D:7)
  An ogre (D:8)
  A necrophage (D:7)
  3 centaurs
  A crocodile (D:8)
  3 bullfrogs
  A big kobold (D:5)
  Dowan (D:6)
  2 howler monkeys (D:4)
  A vampire bat (D:3)
  2 crimson imps (D:7)
  2 bullfrog zombies
  A jelly (D:7)
  6 orc wizards
  3 hounds
  2 centaur skeletons (D:4)
  A gnoll shaman (D:6)
  An orc priest (D:5)
  2 bullfrog skeletons
  An iguana (D:4)
  4 worker ants
  A hound zombie (D:7)
  A hound skeleton (D:4)
  5 gnolls (D:6)
  2 river rats (D:8)
  5 adders
  2 shadow imps
  An adder skeleton (D:6)
  3 worms (D:2)
  2 dart slugs
  5 leopard geckos
  11 orcs
  A ball python (D:2)
  4 giant cockroaches
  7 goblins
  8 hobgoblins
  4 jackals (D:6)
  11 kobolds
  4 quokkas
  22 bats
  4 frilled lizards
  A leopard gecko skeleton (D:4)
  15 rats
  A plant (D:5)
188 creatures vanquished.

Vanquished Creatures (collateral kills)
  Gastronok (Lair:1)
  A hydra (Lair:1)
  An ogre (D:7)
  A centaur (D:7)
  A crocodile (Lair:1)
  A bullfrog (Lair:1)
  2 bats (D:8)
8 creatures vanquished.

Vanquished Creatures (others)
  4 ancestors
  A bush (D:5)
  5 fungi
  2 plants (Lair:1)
12 creatures vanquished.

Grand Total: 208 creatures vanquished

Notes
Turn   | Place    | Note
-------+----------+-------------------------------------------
     0 | D:1      | tof the Demonspawn Fighter began the quest for the Orb.
     0 | D:1      | Reached XP level 1. HP: 18/18 MP: 1/1
   205 | D:1      | Gained mutation: You are partially covered in sharp spines. [demonic ancestry]
   205 | D:1      | Reached XP level 2. HP: 22/24 MP: 2/2
   314 | D:1      | Reached skill level 2 in Maces & Flails
   523 | D:2      | Found a shattered altar of Ashenzari.
   724 | D:2      | Reached XP level 3. HP: 29/29 MP: 3/3
  1596 | D:2      | You fall through a shaft!
  1634 | D:3      | Found a sparkling altar of Nemelex Xobeh.
  1770 | D:3      | Gained mutation: You have a pair of small antennae on your head. [demonic ancestry]
  1770 | D:3      | Reached XP level 4. HP: 37/37 MP: 4/4
  1999 | D:3      | Reached XP level 5. HP: 34/42 MP: 5/5
  2015 | D:3      | Found an opulent altar of Gozag.
  2033 | D:3      | Reached skill level 3 in Maces & Flails
  2661 | D:4      | Found Feoff's Book Boutique.
  2676 | D:4      | Noticed vatarom's ghost (amateur DrAE)
  2706 | D:4      | HP: 2/42 [vatarom's ghost (1)]
  2708 | D:4      | Killed vatarom's ghost
  2708 | D:4      | Reached skill level 1 in Dodging
  2708 | D:4      | Reached skill level 1 in Stealth
  2708 | D:4      | Gained mutation: When hurt, damage is shared between your health and your magic reserves. [demonic ancestry]
  2708 | D:4      | Reached XP level 6. HP: 3/48 MP: 6/6
  3137 | D:4      | Reached skill level 4 in Maces & Flails
  3155 | D:4      | Gained mutation: You are partially covered in icy blue scales. (AC +2) [demonic ancestry]
  3155 | D:4      | Reached XP level 7. HP: 52/55 MP: 7/7
  3725 | D:5      | Entered Level 5 of the Dungeon
  3880 | D:5      | Noticed Grinder
  3891 | D:5      | Paralysed by Grinder for 3 turns
  3895 | D:5      | Killed Grinder
  3895 | D:5      | Reached skill level 5 in Maces & Flails
  4032 | D:5      | Found a sacrificial altar of Ru.
  4552 | D:5      | Gained mutation: You regenerate magic rapidly. [demonic ancestry]
  4552 | D:5      | Reached XP level 8. HP: 60/61 MP: 8/8
  4833 | D:6      | Noticed Prince Ribbit
  4846 | D:6      | Killed Prince Ribbit
  4932 | D:6      | Noticed Dowan
  4933 | D:6      | Noticed Duvessa
  4958 | D:6      | Killed Duvessa
  4958 | D:6      | Reached skill level 5 in Shields
  4969 | D:6      | Killed Dowan
  5323 | D:6      | Reached skill level 6 in Maces & Flails
  5513 | D:6      | Reached skill level 5 in Fighting
  5928 | D:7      | Gained mutation: When low on magic, you restore magic in place of health. [demonic ancestry]
  5928 | D:7      | Reached XP level 9. HP: 63/68 MP: 7/9
  5936 | D:7      | Found a staircase to the Ecumenical Temple.
  5980 | Temple   | Entered the Ecumenical Temple
  6053 | Temple   | Became a worshipper of Hepliaklqana the Forgotten
  6078 | D:7      | Noticed Haldmier's ghost (novice HESk)
  6103 | D:7      | Killed Haldmier's ghost
  6103 | D:7      | Reached skill level 7 in Maces & Flails
  6149 | D:7      | Found a shimmering altar of Xom.
  6538 | D:8      | Noticed a troll
  6563 | D:8      | Killed a troll
  6583 | D:8      | Reached skill level 8 in Maces & Flails
  6709 | D:8      | Gained mutation: You have a pair of antennae on your head. [demonic ancestry]
  6709 | D:8      | Reached XP level 10. HP: 62/69 MP: 10/10
  6759 | D:8      | Found a staircase to the Lair.
  6764 | Lair:1   | Entered Level 1 of the Lair of Beasts
  6805 | Lair:1   | Reached skill level 5 in Armour
  6844 | Lair:1   | Reached * piety under Hepliaklqana
  6930 | Lair:1   | Reached skill level 9 in Maces & Flails
  7196 | Lair:1   | Noticed Gastronok
  7218 | Lair:1   | Killed Gastronok
  7218 | Lair:1   | Reached XP level 11. HP: 64/75 MP: 8/11
  7329 | Lair:1   | Noticed a seven-headed hydra
  7336 | Lair:1   | Killed a seven-headed hydra
  7336 | Lair:1   | Reached skill level 10 in Maces & Flails
  7572 | Lair:1   | Reached ** piety under Hepliaklqana
  7573 | Lair:1   | Remembered your ancestor Æthelred as a hexer
  7895 | Lair:2   | Noticed vatarom's ghost (journeyman DrAE)
  7959 | Lair:2   | HP: 1/75 [vatarom's ghost/bolt of negative energy (7)]
  8335 | Lair:2   | Killed from afar by vatarom's ghost

Skill      XL: |  1  2  3  4  5  6  7  8  9 10 11 |
---------------+----------------------------------+-----
Maces & Flails | 2 3 4 5 6 8 9 10 | 10.1
Shields        | 3 4 5 7 8 |  8.3
Armour         | 3 4 6 |  6.3
Fighting       | 4 5 6 7 |  7.5
Dodging        | 1 2 3 4 |  4.2
Stealth        | 1 |  1.9
Evocations     | |  0.2

Action                   |  1- 3 |  4- 6 |  7- 9 | 10-12 || total
-------------------------+-------+-------+-------+-------++-------
Melee: Flail             |   141 |   101 |   187 |       ||   429
       Mace              |       |       |   272 |   189 ||   461
Invok: Ancestor Identity |       |       |     1 |       ||     1
       Ancestor Life: He |       |       |       |     1 ||     1
Evoke: Wand              |       |       |       |     7 ||     7
  Use: Scroll            |       |       |       |     4 ||     4
  Eat: Chunk             |     3 |     4 |    11 |     4 ||    22
       Pizza             |       |       |     1 |       ||     1
       Meat ration       |       |       |       |     1 ||     1
Armor: Scale mail        |    53 |    42 |    16 |       ||   111
       Steam dragon scal |       |       |    35 |       ||    35
       Chain mail        |       |       |   169 |    99 ||   268
Dodge: Dodged            |    32 |    17 |    98 |    27 ||   174
Block: Shield            |    90 |    73 |   235 |    77 ||   475
       Reflection        |       |     4 |       |       ||     4
